 Dungeon Crawl Stone Soup version 0.26-a0-651-gb41185065b (webtiles) character file.

Game seed: 8666744762524040243

4949 loralnil the Martial Artist (level 10, -11/76 HPs)
             Began as a Gnoll Transmuter on Oct 21, 2020.
             Was a Priest of Cheibriados.
             Mangled by a fire giant
             ... wielding a +1 great sword of flaming
              (27 damage)
             ... on level 10 of the Dungeon.
             The game lasted 00:16:48 (7788 turns).

loralnil the Martial Artist (Gnoll Transmuter)      Turns: 7788, Time: 00:16:49

Health: -11/76     AC:  2    Str: 18    XL:     10   Next: 52%
Magic:  14/21      EV: 39    Int: 26    God:    Cheibriados [***...]
Gold:   154        SH:  0    Dex: 34    Spells: 8/23 levels left

rFire    . . .     SeeInvis .     - Unarmed
rCold    . . .     Faith    .   (shield currently unavailable)
rNeg     + . .     Spirit   .   (armour currently unavailable)
rPois    x         Reflect  .   (helmet currently unavailable)
rElec    .         Harm     .   (cloak currently unavailable)
rCorr    .         Rampage  .   (gloves currently unavailable)
MR       .....                  (boots currently unavailable)
Stlth    ++++++....             b - amulet of regeneration
HPRegen  0.62/turn              c - +4 ring of evasion
MPRegen  0.17/turn              q - ring of Diloopn {rN+ EV+4 Str-2 Stlth+}

@: spider-form, very slow
A: tiny, distributed training, thin skeletal structure 1, clever 1, strong nose
a: End Transformation, Bend Time, Temporal Distortion, Renounce Religion


You were on level 10 of the Dungeon.
You worshipped Cheibriados.
Cheibriados was most pleased with you.
You were a venomous arachnid creature.
You visited 2 branches of the dungeon, and saw 11 of its levels.

You collected 443 gold pieces.
You spent 289 gold pieces at shops.

Inventory:

Armour
 n - a +0 pair of gloves (melded)
 B - a +2 animal skin (melded)
Jewellery
 a - an uncursed ring of stealth
 b - an amulet of regeneration (around neck)
 c - a +4 ring of evasion (left front leg)
 q - the ring of Diloopn (right front leg) {rN+ EV+4 Str-2 Stlth+}
   (You found it on level 8 of the Dungeon)

   [ring of evasion]

   It affects your evasion (+4).
   It affects your strength (-2).
   It protects you from negative energy.
   It makes you more stealthy.
 r - an uncursed ring of protection from cold
 s - an uncursed amulet of guardian spirit
 u - an uncursed ring of see invisible
Wands
 w - a wand of acid (15)
 y - a wand of iceblast (13)
 z - a wand of paralysis (9)
 A - a wand of digging (4)
Scrolls
 i - 3 scrolls of fear
 j - 5 scrolls of remove curse
 k - a scroll of enchant armour {unknown}
 l - a scroll of noise {unknown}
 t - a scroll of immolation {unknown}
 v - a scroll of amnesia {unknown}
 x - 3 scrolls of blinking
 D - 3 scrolls of summoning {unknown}
 F - a scroll of brand weapon {unknown}
Potions
 d - 4 potions of brilliance
 e - 4 potions of haste
 f - a potion of mutation
 g - 2 potions of might
 h - 4 potions of heal wounds
 m - 4 potions of lignification
 o - 3 potions of curing
 p - 4 potions of flight
 C - a potion of magic


   Skills:
 + Level 6.0 Fighting
 + Level 5.3 Short Blades
 + Level 5.3 Long Blades
 + Level 5.3 Axes
 + Level 5.3 Maces & Flails
 + Level 5.3 Polearms
 + Level 5.3 Staves
 + Level 5.3 Slings
 + Level 5.3 Bows
 + Level 5.3 Crossbows
 + Level 5.3 Throwing
 + Level 5.3 Armour
 + Level 7.1 Dodging
 + Level 5.3 Stealth
 + Level 5.3 Shields
 + Level 8.5 Unarmed Combat
 + Level 7.4 Spellcasting
 + Level 4.4 Conjurations
 + Level 4.4 Hexes
 + Level 4.4 Summonings
 + Level 4.4 Necromancy
 + Level 4.4 Translocations
 + Level 5.9 Transmutations
 + Level 4.4 Fire Magic
 + Level 4.4 Ice Magic
 + Level 4.4 Air Magic
 + Level 4.4 Earth Magic
 + Level 4.4 Poison Magic
 + Level 5.9 Invocations
 + Level 5.3 Evocations


You had 8 spell levels left.
You knew the following spells:

 Your Spells              Type           Power        Failure   Level
a - Beastly Appendage     Tmut           #####.       3%          1
b - Wereblood             Tmut           #####...     4%          2
c - Spider Form           Tmut/Pois      #####.....   9%          3
d - Ice Form              Ice/Tmut       #####...     19%         4
e - Blade Hands           Tmut           #####.....   32%         5

Your spell library contained the following spells:

 Spells                   Type           Power        Failure   Level
 Animate Skeleton         Necr           ####..       5%          1
 Apportation              Tloc           ####..       5%          1
 Corona                   Hex            ####...      5%          1
 Summon Small Mammal      Summ           ####         5%          1


Dungeon Overview and Level Annotations

Branches:
Dungeon (10/15)            Temple (1/1) D:6            Lair (0/6) D:9
    Orc: D:9-12

Altars:
Ashenzari
Cheibriados
Dithmenos
Elyvilon
Fedhas
Gozag
Kikubaaqudgha
Makhleb
Nemelex Xobeh
Okawaru
Qazlal
Ru
Sif Muna
Vehumet
Xom
Zin

Shops:
D:6 (*([   D:10 ?}=


Innate Abilities, Weirdness & Mutations

Your experience applies equally to all skills.
((You have very sharp teeth.))
Your uncanny sense of smell can sniff out nearby items.
((You have large cloven feet.))
You have a somewhat thin skeletal structure. (Dex +2, Stealth)
Your mind is acute. (Int +2)


Message History

Found two knobbly runed staves, a box of beasts (3/3) and a runed whip.
There is an open door here.
You barely miss the two-headed ogre.
The two-headed ogre hits you with a cursed +0 dire flail!
The two-headed ogre closely misses you.
The two-headed ogre completely misses you. x2
Casting: Ice Form (dangerous; 7% risk of failure)
Confirm with . or Enter, or press ? or * to list all spells.
You warm up again.
Your +0 pair of gloves unmelds from your body.
Your +2 animal skin unmelds from your body.
You turn into a venomous arachnid creature.
Your +0 pair of gloves melds into your body.
Your +2 animal skin melds into your body.
The fire giant casts a spell at you. The bolt of fire hits you!!!
Ouch! That really hurt!
* * * LOW HITPOINT WARNING * * *
The fire giant hits you with a +1 great sword of flaming!!
You die...

..#........
..#........
#######.#........
})#...'.+........
###||#...#.#......##
#...e#...#.#......##
#...C#...#.#........
#'####...#.#....<...
#eCs.....#.#........
#.O......#.#########
#........#..........
##########...#####..
..#..^.#####..
...............
................
################


You could see a fire giant, a two-headed ogre and a deep elf mage.

Vanquished Creatures
  A tengu conjurer (D:10)
  Grinder (D:5)
  4 yaks (D:10)
  Grum (D:9)
  3 wargs (D:9)
  3 orc warriors
  A hornet zombie (D:6)
  An ice beast (D:10)
  2 sky beasts
  A phantom (D:5)
  2 wolves (D:9)
  4 centaurs
  3 ogres
  A crocodile (D:9)
  2 bullfrogs
  A water moccasin skeleton (D:7)
  5 scorpions
  9 wights
  2 bullfrog skeletons
  6 orc priests
  5 hounds
  6 orc wizards
  A centaur skeleton (D:7)
  2 iguanas
  5 worker ants
  A killer bee zombie (D:6)
  2 hound skeletons (D:8)
  A worker ant zombie (D:7)
  4 gnolls
  8 adders
  2 shadow imps
  4 white imps
  An ufetubus (D:6)
  3 adder skeletons
  3 worms
  3 dart slugs
  41 orcs
  2 ball pythons
  11 bats
  4 giant cockroaches
  7 goblins
  6 hobgoblins
  10 jackals
  5 kobolds
  7 quokkas
  4 frilled lizards
  A leopard gecko skeleton (D:8)
  3 rats
205 creatures vanquished.

Notes
Turn   | Place    | Note
-------+----------+-------------------------------------------
     0 | D:1      | loralnil the Gnoll Transmuter began the quest for the Orb.
     0 | D:1      | Reached XP level 1. HP: 17/17 MP: 6/6
   126 | D:1      | Reached XP level 2. HP: 23/23 MP: 5/7
   958 | D:2      | Reached XP level 3. HP: 28/28 MP: 7/9
   960 | D:2      | Found a radiant altar of Vehumet.
   994 | D:2      | Reached skill level 5 in Spellcasting
  1031 | D:2      | Reached skill level 1 in Invocations
  1132 | D:2      | Reached skill level 1 in Short Blades
  1132 | D:2      | Reached skill level 1 in Long Blades
  1132 | D:2      | Reached skill level 1 in Axes
  1132 | D:2      | Reached skill level 1 in Maces & Flails
  1132 | D:2      | Reached skill level 1 in Polearms
  1132 | D:2      | Reached skill level 1 in Staves
  1132 | D:2      | Reached skill level 1 in Slings
  1132 | D:2      | Reached skill level 1 in Bows
  1132 | D:2      | Reached skill level 1 in Crossbows
  1132 | D:2      | Reached skill level 1 in Throwing
  1132 | D:2      | Reached skill level 1 in Armour
  1132 | D:2      | Reached skill level 1 in Stealth
  1132 | D:2      | Reached skill level 1 in Shields
  1132 | D:2      | Reached skill level 1 in Evocations
  1143 | D:2      | Learned a level 2 spell: Wereblood
  1147 | D:2      | Learned a level 3 spell: Spider Form
  1210 | D:2      | Reached XP level 4. HP: 33/34 MP: 9/11
  1216 | D:2      | Learned a level 4 spell: Ice Form
  1665 | D:3      | Reached skill level 1 in Conjurations
  1665 | D:3      | Reached skill level 1 in Hexes
  1665 | D:3      | Reached skill level 1 in Summonings
  1665 | D:3      | Reached skill level 1 in Necromancy
  1665 | D:3      | Reached skill level 1 in Translocations
  1665 | D:3      | Reached skill level 1 in Fire Magic
  1665 | D:3      | Reached skill level 1 in Ice Magic
  1665 | D:3      | Reached skill level 1 in Air Magic
  1665 | D:3      | Reached skill level 1 in Earth Magic
  1665 | D:3      | Reached skill level 1 in Poison Magic
  1981 | D:3      | Reached XP level 5. HP: 40/40 MP: 12/12
  2253 | D:4      | Noticed a sky beast
  2273 | D:4      | Killed a sky beast
  2273 | D:4      | Reached XP level 6. HP: 41/47 MP: 13/13
  2528 | D:4      | Reached skill level 5 in Dodging
  3089 | D:5      | Entered Level 5 of the Dungeon
  3098 | D:5      | Reached XP level 7. HP: 51/52 MP: 13/15
  3110 | D:5      | Found a burning altar of Makhleb.
  3210 | D:5      | Reached skill level 7 in Unarmed Combat
  3541 | D:5      | Found a shadowy altar of Dithmenos.
  3567 | D:5      | Learned a level 5 spell: Blade Hands
  3590 | D:5      | Reached XP level 8. HP: 58/60 MP: 16/16
  3635 | D:5      | Noticed Grinder
  3640 | D:5      | Paralysed by Grinder for 6 turns
  3657 | D:5      | Killed Grinder
  3723 | D:5      | Found a white marble altar of Elyvilon.
  3777 | D:5      | Found a stormy altar of Qazlal.
  3991 | D:6      | Found Zaodecust's Armour Emporium.
  4227 | D:6      | Found Qoureecw's General Store.
  4235 | D:6      | Bought 2 potions of mutation for 224 gold pieces
  4235 | D:6      | Gained mutation: You are partially covered in thin metallic
                  | scales. (AC +2) [potion of mutation]
  4236 | D:6      | Lost mutation: You are partially covered in thin metallic
                  | scales. (AC +2) [potion of mutation]
  4236 | D:6      | Gained mutation: You are resistant to hostile enchantments.
                  | (MR+) [potion of mutation]
  4236 | D:6      | Gained mutation: You are agile. (Dex +2) [potion of
                  | mutation]
  4237 | D:6      | Lost mutation: You are resistant to hostile enchantments.
                  | (MR+) [potion of mutation]
  4237 | D:6      | Lost mutation: You are agile. (Dex +2) [potion of mutation]
  4237 | D:6      | Gained mutation: You have a somewhat thin skeletal
                  | structure. (Dex +2, Stealth) [potion of mutation]
  4237 | D:6      | Gained mutation: You have large cloven feet. [potion of
                  | mutation]
  4237 | D:6      | Gained mutation: Your mind is acute. (Int +2) [potion of
                  | mutation]
  4255 | D:6      | Found a shimmering altar of Xom.
  4266 | D:6      | Found a staircase to the Ecumenical Temple.
  4269 | D:6      | Found Veoruile's Weapon Emporium.
  4292 | Temple   | Entered the Ecumenical Temple
  4309 | Temple   | Became a worshipper of Cheibriados the Contemplative
  4488 | D:6      | Reached skill level 5 in Transmutations
  4488 | D:6      | Reached XP level 9. HP: 66/66 MP: 15/18
  4520 | D:6      | Found a sacrificial altar of Ru.
  4524 | D:6      | Found an iron altar of Okawaru.
  4529 | D:6      | Found an opulent altar of Gozag.
  4750 | D:6      | Found Lyhol's Weapon Shoppe.
  4984 | D:7      | Reached * piety under Cheibriados
  5257 | D:7      | Found a stormy altar of Qazlal.
  5264 | D:7      | Found an ancient bone altar of Kikubaaqudgha.
  5748 | D:8      | Noticed a lindwurm
  5773 | D:8      | Reached skill level 5 in Fighting
  5786 | D:8      | Reached ** piety under Cheibriados
  5845 | D:8      | Got a transparent bronze ring
  5847 | D:8      | Identified the ring of Diloopn {rN+ EV+4 Str-2 Stlth+} (You
                  | found it on level 8 of the Dungeon)
  6065 | D:8      | Noticed a lindwurm
  6157 | D:8      | Found a shimmering blue altar of Sif Muna.
  6393 | D:9      | Reached skill level 8 in Unarmed Combat
  6451 | D:9      | Noticed Grum
  6468 | D:9      | Killed Grum
  6468 | D:9      | Reached skill level 5 in Invocations
  6545 | D:9      | Found a sparkling altar of Nemelex Xobeh.
  6792 | D:9      | Found a staircase to the Lair.
  6796 | D:9      | Reached *** piety under Cheibriados
  6807 | D:9      | Reached XP level 10. HP: 74/74 MP: 18/20
  6837 | D:9      | Reached skill level 5 in Short Blades
  6837 | D:9      | Reached skill level 5 in Long Blades
  6837 | D:9      | Reached skill level 5 in Axes
  6837 | D:9      | Reached skill level 5 in Maces & Flails
  6837 | D:9      | Reached skill level 5 in Polearms
  6837 | D:9      | Reached skill level 5 in Staves
  6837 | D:9      | Reached skill level 5 in Slings
  6837 | D:9      | Reached skill level 5 in Bows
  6837 | D:9      | Reached skill level 5 in Crossbows
  6837 | D:9      | Reached skill level 5 in Throwing
  6837 | D:9      | Reached skill level 5 in Armour
  6837 | D:9      | Reached skill level 5 in Stealth
  6837 | D:9      | Reached skill level 5 in Shields
  6837 | D:9      | Reached skill level 5 in Evocations
  7232 | D:10     | Entered Level 10 of the Dungeon
  7253 | D:10     | Found Icew's Jewellery Emporium.
  7277 | D:10     | Found Gekanod's Gadget Shop.
  7685 | D:10     | Found Apho's Magic Scroll Emporium.
  7688 | D:10     | Bought a scroll of identify for 26 gold pieces
  7688 | D:10     | Bought a scroll of identify for 26 gold pieces
  7688 | D:10     | Bought a scroll of random uselessness for 13 gold pieces
  7734 | D:10     | Noticed a two-headed ogre
  7782 | D:10     | Noticed a deep elf mage
  7782 | D:10     | Noticed a fire giant
  7788 | D:10     | Mangled by a fire giant

Illustrated notes

Levels and vault maps discovered:
D:1:      ebering_hopf_link, layout_basic
D:2:      layout_basic, fiery_altar_vehumet, minmay_3d_cube
D:3:      layout_basic
D:4:      layout_basic, roderic_roman_lattice
D:5:      layout_loops_ring, old_standard_altar, old_standard_altar,
          elyvilon_altar_3, marbit_many_paths, uniq_grinder
D:6:      layout_loops_ring, kennysheep_little_box, minitemple,
          minmay_temple_entry_mist, serial_shops, shop, shop, shop,
          nicolae_shop_trees, kennysheep_generic_room_2
D:7:      layout_basic, old_standard_altar, grunt_qazlal_clouds
D:8:      layout_rooms, led_sif_pool, minmay_lindwurm_lava
D:9:      layout_irregular_city, nemelex_xobeh_ov_fountains_minmay,
          erik_lair_orcish_takeover, uniq_grum
D:10:     minmay_shrinking_squares, layout_stronghold, serial_shops,
          kennysheep_mini_moat, shop, kennysheep_mini, shop, shop
Temple:   compressed_dpeg_circular_temple

Skill      XL: |  1  2  3  4  5  6  7  8  9 10 |
---------------+-------------------------------+-----
Spellcasting   | 5 6 7 |  7.4
Invocations    | 1 2 3 4 5 |  5.9
Short Blades   | 1 2 3 4 5 |  5.3
Long Blades    | 1 2 3 4 5 |  5.3
Axes           | 1 2 3 4 5 |  5.3
Maces & Flails | 1 2 3 4 5 |  5.3
Polearms       | 1 2 3 4 5 |  5.3
Staves         | 1 2 3 4 5 |  5.3
Slings         | 1 2 3 4 5 |  5.3
Bows           | 1 2 3 4 5 |  5.3
Crossbows      | 1 2 3 4 5 |  5.3
Throwing       | 1 2 3 4 5 |  5.3
Armour         | 1 2 3 4 5 |  5.3
Stealth        | 1 2 3 4 5 |  5.3
Shields        | 1 2 3 4 5 |  5.3
Evocations     | 1 2 3 4 5 |  5.3
Conjurations   | 1 2 3 4 |  4.4
Hexes          | 1 2 3 4 |  4.4
Summonings     | 1 2 3 4 |  4.4
Necromancy     | 1 2 3 4 |  4.4
Translocations | 1 2 3 4 |  4.4
Fire Magic     | 1 2 3 4 |  4.4
Ice Magic      | 1 2 3 4 |  4.4
Air Magic      | 1 2 3 4 |  4.4
Earth Magic    | 1 2 3 4 |  4.4
Poison Magic   | 1 2 3 4 |  4.4
Fighting       | 3 4 5 6 |  6.0
Transmutations | 4 5 |  5.9
Dodging        | 5 6 7 |  7.1
Unarmed Combat | 7 8 |  8.5

Action                   |  1- 3 |  4- 6 |  7- 9 | 10-12 || total
-------------------------+-------+-------+-------+-------++-------
Melee: Unarmed           |    61 |   132 |   357 |   122 ||   672
       Headbutt          |    10 |    17 |    26 |     1 ||    54
       Kick              |    15 |    31 |    38 |    15 ||    99
       Bite              |     2 |    11 |     8 |     2 ||    23
       Punch             |     1 |     5 |     5 |     2 ||    13
 Cast: Beastly Appendage |    24 |    23 |    15 |     1 ||    63
       Spider Form       |       |     1 |    30 |     6 ||    37
       Ice Form          |       |       |     4 |     1 ||     5
  Use: Scroll            |     4 |     4 |     4 |     5 ||    17
       Potion            |       |       |     3 |       ||     3
 Stab: Sleeping          |     1 |     1 |    12 |     1 ||    15
Armor: Robe              |    11 |     4 |     5 |       ||    20
       Skin              |       |       |     6 |       ||     6
       Animal skin       |       |       |     1 |     4 ||     5
Dodge: Dodged            |    55 |    98 |   355 |   127 ||   635

Table legend: (Time is in decaauts)
 A = Elapsed time spent in this place.
 B = Non-inter-level travel time spent in this place.
 C = Inter-level travel time spent in this place.
 D = Time resting spent in this place.
 E = Time spent auto-exploring this place.
 F = Levels seen in this place.
 G = Mean time per level.
                   A        B        C        D        E       F      G
               +--------+--------+--------+--------+--------+-----+--------+
         Total |   8872 |   8578 |    294 |    139 |   6626 |  11 |  806.5 |
       Dungeon |   8832 |   8538 |    294 |    139 |   6613 |  10 |  883.2 |
        Temple |     39 |     39 |      0 |      0 |     13 |   1 |   39.0 |
               +--------+--------+--------+--------+--------+-----+--------+

Top non-repeatable levels by time:
     D:9: 1220 daAuts
     D:6: 1100 daAuts
     D:7: 1004 daAuts
     D:5: 838 daAuts
     D:4: 836 daAuts
     D:1: 816 daAuts
    D:10: 812 daAuts
     D:2: 811 daAuts
     D:8: 792 daAuts
     D:3: 599 daAuts
  Temple: 39 daAuts
